 Dungeon Crawl Stone Soup version 0.20-a0-509-ga2a529b (webtiles) character file.

53890 M4edhros the Covert (level 14, -1/95 HPs)
             Began as an Octopode Necromancer on Jan 22, 2017.
             Was the Champion of Cheibriados.
             Slain by a six-headed hydra simulacrum (17 damage)
             ... on level 4 of the Swamp.
             The game lasted 01:04:07 (7949 turns).

M4edhros the Covert (Octopode Necromancer)          Turns: 7949, Time: 01:04:07

Health: -1/95      AC: 11    Str: 23    XL:     14   Next: 70%
Magic:  19/31      EV: 24    Int: 40    God:    Cheibriados [******]
Gold:   1173       SH: 12    Dex: 32    Spells: 5/28 levels left

rFire    + . .     SeeInvis +   E - +11 dagger of Contention {venom, +Inv rPois MR+}
rCold    . . .     Gourm    .   f - +0 buckler of the Moon Troll {SInv}
rNeg     . . .     Faith    .   (helmet restricted)
rPois    +         Spirit   .   (no amulet)
rElec    .         Reflect  .   d - +6 ring of protection
rCorr    .         Harm     .   C - ring of magical power
MR       ++++.                  j - +5 ring of intelligence
Stlth    +++++++++.             J - +3 ring of intelligence
Regen    1.3/turn               (no ring)
                                Z - ring "Xuulu Kuph" {rF+ MR++ Stlth+}
                                (no ring)
                                (no ring)

@: very slightly contaminated, regenerating, repel missiles, very slow
A: almost no armour, stealthy swim, amphibious, 8 rings, constrict 8, tentacle
spike 2, large bone plates 1, slimy green scales 1, thin metallic scales 1,
camouflage 1, blink, low mp 1, screaming 1, gelatinous body 1
a: Blink, Bend Time, Temporal Distortion, Slouch, Step From Time, Renounce
Religion, Evoke Invisibility


You were on level 4 of the Swamp.
You worshipped Cheibriados.
Cheibriados was exalted by your worship.
You were not hungry.

You visited 4 branches of the dungeon, and saw 19 of its levels.
You also visited: Labyrinth and Ossuary.

You collected 1289 gold pieces.
You spent 116 gold pieces at shops.

Inventory:

Hand Weapons
 v - the +8 dagger of the Magic Mushroom {speed, -Tele rElec rC+ Str+9}
   (You found it on level 6 of the Lair of Beasts)

   Attacks with this weapon are significantly faster.
   It affects your strength (+9).
   It protects you from cold.
   It insulates you from electricity.
   It prevents most forms of teleportation.
   Cheibriados disapproves of the use of such an item.
 E - the +11 dagger of Contention (weapon) {venom, +Inv rPois MR+}
   (You found it on level 6 of the Dungeon)

   It poisons the flesh of those it strikes.
   It protects you from poison.
   It affects your resistance to hostile enchantments.
   It lets you turn invisible.
Armour
 f - the +0 buckler of the Moon Troll (worn) {SInv}
   (You acquired it on level 5 of the Dungeon)

   It lets you see invisible.
 I - a +0 shield
Magical Staves
 W - an uncursed staff of earth
Jewellery
 d - a +6 ring of protection (left tentacle)
 g - an uncursed ring of fire
 j - a +5 ring of intelligence (on tentacle)
 C - a ring of magical power (right tentacle)
 J - a +3 ring of intelligence (on tentacle)
 Z - the ring "Xuulu Kuph" (on tentacle) {rF+ MR++ Stlth+}
   (You found it on level 6 of the Lair of Beasts)

   [ring of protection from fire]

   It protects you from fire.
   It affects your resistance to hostile enchantments.
   It makes you more stealthy.
Wands
 l - a wand of paralysis (10/24)
 o - a wand of confusion (24/48)
 x - a wand of lightning (12/15)
 y - a wand of disintegration (7/24)
 F - a wand of digging (12/24)
 L - a wand of digging (11/24)
 P - a wand of iceblast (4/15)
 Q - a wand of scattershot (5/9)
 S - a wand of disintegration (8/24)
 T - a wand of scattershot (3/9)
 X - a wand of flame (27/48)
 Y - a wand of enslavement (16/24)
Scrolls
 e - 9 scrolls of teleportation
 i - 2 scrolls of magic mapping
 m - a scroll of recharging
 r - 4 scrolls of fear
 s - 3 scrolls of fog
 D - 4 scrolls of enchant armour
 G - 2 scrolls of enchant weapon
 R - a scroll of immolation
 V - 4 scrolls of amnesia
Potions
 c - 7 potions of curing
 p - 3 potions of brilliance
 u - a potion of lignification
 z - a potion of invisibility
 B - a potion of cure mutation
 K - a potion of agility
 M - a potion of magic
 N - 3 potions of might
Books
 a - a book of Necromancy

   Spells                             Type                      Level
   a - Pain                           Necromancy                   1
   b - Animate Skeleton               Necromancy                   1
   c - Vampiric Draining              Necromancy                   3
   d - Regeneration                   Charms/Necromancy            3
   e - Animate Dead                   Necromancy                   4
   f - Control Undead                 Necromancy                   4
 h - a book of Cantrips

   Spells                             Type                      Level
   a - Confusing Touch                Hexes                        1
   b - Animate Skeleton               Necromancy                   1
   c - Summon Small Mammal            Summoning                    1
   d - Apportation                    Translocation                1
 t - a book of Minor Magic

   Spells                             Type                      Level
   a - Magic Dart                     Conjuration                  1
   b - Blink                          Translocation                2
   c - Call Imp                       Summoning                    2
   d - Repel Missiles                 Charms/Air                   2
   e - Slow                           Hexes                        2
   f - Conjure Flame                  Conjuration/Fire             3
   g - Mephitic Cloud                 Conjuration/Poison/Air       3
 w - a book of Geomancy

   Spells                             Type                      Level
   a - Sandblast                      Earth                        1
   b - Passwall                       Transmutation/Earth          2
   c - Stone Arrow                    Conjuration/Earth            3
   d - Petrify                        Transmutation/Earth          4
   e - Lee's Rapid Deconstruction     Earth                        5
 O - a book of Power

   Spells                             Type                      Level
   a - Fulminant Prism                Conjuration/Hexes            4
   b - Iskenderun's Mystic Blast      Conjuration                  4
   c - Venom Bolt                     Conjuration/Poison           5
   d - Bolt of Magma                  Conjuration/Fire/Earth       5
   e - Iron Shot                      Conjuration/Earth            6
   f - Orb of Destruction             Conjuration                  7
   g - Spellforged Servitor           Conjuration/Summoning        7
 U - a book of Dreams

   Spells                             Type                      Level
   a - Ensorcelled Hibernation        Hexes/Ice                    2
   b - Silence                        Hexes/Air                    5
   c - Darkness                       Hexes                        6
   d - Shadow Creatures               Summoning                    6
Miscellaneous
 n - a phantom mirror
 q - a lightning rod (4/4)
Comestibles
 b - 6 bread rations
 k - 11 meat rations
 A - 5 royal jellies
 H - 9 fruits


   Skills:
 + Level 8.7 Fighting
 + Level 6.1 Short Blades
 + Level 9.1 Dodging
 * Level 14.6 Stealth
 * Level 7.0 Shields
 - Level 6.2 Unarmed Combat
 - Level 7.6 Spellcasting
 - Level 4.0 Necromancy
 - Level 3.2 Translocations
 - Level 3.2 Air Magic
 * Level 7.6 Earth Magic
 - Level 4.1 Poison Magic
 - Level 6.8 Invocations
 - Level 9.2 Evocations


You had 5 spell levels left.
You knew the following spells:

 Your Spells              Type           Power        Failure   Level  Hunger
a - Pain                  Necr           ####         1%          1    None
b - Animate Skeleton      Necr           N/A          1%          1    None
c - Regeneration          Chrm/Necr      ####......   3%          3    None
d - Repel Missiles        Chrm/Air       ####..       1%          2    None
e - Mephitic Cloud        Conj/Pois/Air  #####...     2%          3    None
f - Conjure Flame         Conj/Fire      ###.....     10%         3    None
g - Apportation           Tloc           #####.       1%          1    None
h - Lee's Rapid Deconstr  Erth           ######....   2%          5    ###....
i - Animate Dead          Necr           N/A          6%          4    None


Dungeon Overview and Level Annotations

Branches:
Dungeon (8/15)             Temple (1/1) D:6            Lair (6/6) D:8
  Swamp (4/4) Lair:2       Spider (0/4) Lair:2        Slime (0/5) Lair:5

Altars:
Ashenzari
Cheibriados
Fedhas
Gozag
Makhleb
Okawaru
Qazlal
Ru
Trog
Vehumet
Yredelemnul
The Shining One
Jiyva

Shops:
D:5 *   D:6 (

Portals:
Hell: Lair:6


Innate Abilities, Weirdness & Mutations

You cannot wear most types of armour.
You are very stealthy in the water. (Stealth+)
You are amphibious.
You can wear up to eight rings at the same time.
You can use your tentacles to constrict eight enemies at once.
Your skin changes colour to match your surroundings (Stealth+).
Your rubbery body absorbs attacks. (AC +1, EV +1)
One of your tentacles bears a nasty spike.
You are partially covered in large bone plates. (SH +4)
You are partially covered in slimy green scales. (AC +2)
You are partially covered in thin metallic scales. (AC +2)
You can translocate small distances at will.
Your magical capacity is low. (-10% MP)
You occasionally shout uncontrollably at your foes.


Message History

Unknown command.
You feel yourself speed up.
Casting: Animate Skeleton
Confirm with . or Enter, or press ? or * to list all spells.
Your skin crawls.
Your skin is crawling a little less now.
Enter note: risky play..
Enter note: but i think its gonna be worth it.
Casting: Regeneration
Confirm with . or Enter, or press ? or * to list all spells.
Your skin crawls.
The six-headed hydra simulacrum bites you.
The six-headed hydra simulacrum freezes you!
* * * LOW HITPOINT WARNING * * *
The six-headed hydra simulacrum bites you but does no damage.
The six-headed hydra simulacrum barely misses you.
The six-headed hydra simulacrum bites you!
* * * LOW HITPOINT WARNING * * *
The six-headed hydra simulacrum freezes you!
You die...

......≈≈≈≈♣ *,,*
≈...≈..≈≈♣* *,,*
...≈..≈≈♣♣ #♣,,*
..≈..♣♣♣♣♣♣♣♣*#.,**
.≈...♣♣ ♣♣≈≈♣*..#**
§..♣♣.♣♣♣≈≈≈♣*#..,*
≈≈.♣♣♣.♣≈≈≈♣*##..**
§≈.♣*♣♣..≈≈♣♣#.Z##
≈≈..♣♣♣♣..≈≈♣*#.@#
≈≈≈≈.≈≈.♣..♣♣ #..#
≈≈≈≈≈.≈.≈≈.≈# #..#
≈≈≈≈.≈♣≈≈.≈.#♣#..#
,≈≈≈.≈≈≈≈.≈≈.#.#.♣
≈..≈≈≈♣≈≈≈.....§#♣*
,≈≈.....≈Z.≈#♣#§.§#
≈..≈...$..≈≈#*§#§##
,≈≈≈≈≈♣♣♣≈≈♣♣*#*##


You could see a six-headed hydra simulacrum.

Vanquished Creatures
  A thorn hunter (Swamp:2)
  A dire elephant (Lair:6)
  A minotaur (Lab)
  Josephine (Swamp:1)
  6 hydras
  A hell beast (Lair:6)
  A two-headed ogre (D:8)
  9 alligators
  4 spriggans (Swamp:3)
  A swamp dragon (Swamp:1)
  4 shambling mangroves
  A necromancer (Lair:3)
  7 ugly things
  3 black mambas
  3 orange demons (Lair:6)
  11 spiny frogs
  2 rime drakes (Lair:6)
  2 ice devils (Lair:6)
  2 komodo dragons
  4 freezing wraiths (Swamp:4)
  A hellwing (Lair:6)
  9 hornets
  4 polar bears (Lair:2)
  2 minotaur zombies (Lab)
  3 tyrant leeches
  8 slime creatures
  3 bog bodies
  7 blink frogs
  9 hippogriffs
  2 shadows (Swamp:2)
  A redback (Lair:2)
  4 wraiths (Swamp:1)
  2 wyverns
  Eustachio (D:5)
  20 yaks
  A swamp worm simulacrum (Swamp:4)
  Menkaure (D:6)
  18 vampire mosquitoes
  2 swamp worms (Swamp:3)
  2 hell hounds (Lair:6)
  Duvessa (D:6)
  2 hydra simulacra (Swamp:4)
  6 porcupines
  5 water moccasins
  5 swamp drakes
  An orc warrior (D:6)
  An elephant zombie (Lair:3)
  3 centaurs
  9 wolves
  13 crocodiles
  5 big kobolds (D:6)
  5 bullfrogs
  Dowan (D:6)
  A scorpion (D:6)
  A howler monkey (D:4)
  5 electric eels
  A crimson imp (D:6)
  A jelly (D:7)
  3 hounds
  2 orc priests
  9 orc wizards
  Crazy Yiuf (D:5)
  Ijyb (D:3)
  4 worker ants
  A crocodile zombie (Lair:3)
  12 mummies (Ossuary)
  7 gnolls
  4 adders
  A shadow imp (D:5)
  6 swamp drake simulacra (Swamp:4)
  2 adder zombies (D:5)
  An adder skeleton (D:6)
  2 worms (D:2)
  3 dart slugs
  2 leopard geckos
  19 orcs
  6 giant cockroaches
  9 goblins
  7 hobgoblins
  13 jackals
  5 quokkas
  3 bats
  A frilled lizard (D:2)
  5 goblin skeletons (Ossuary)
  42 kobolds
  3 kobold skeletons (Ossuary)
  3 rats
  11 rat skeletons (Ossuary)
  2 plants
421 creatures vanquished.

Vanquished Creatures (collateral kills)
  3 hydras
  A two-headed ogre (D:8)
  A wizard (Lair:6)
  A spiny frog (Lair:1)
  2 rime drakes
  An ice devil (Lair:6)
  A hornet (Swamp:1)
  A bog body (Swamp:2)
  A hippogriff (Lair:6)
  4 blink frogs (Lair:6)
  A slime creature (Swamp:1)
  A redback (Lair:2)
  A wyvern (Lair:6)
  4 yaks
  A spriggan (Swamp:1)
  2 vampire mosquitoes (Swamp:2)
  A basilisk (Lair:3)
  A swamp worm (Swamp:1)
  A hell hound (Lair:6)
  4 wolves
  A crocodile (Lair:6)
  A big kobold (D:6)
  A bullfrog (Lair:2)
  A scorpion (D:8)
  A crocodile zombie (Lair:3)
  A gnoll (D:6)
  A leopard gecko (D:2)
  4 orcs
  2 hobgoblins (D:2)
  5 kobolds (D:6)
  A bush (Lair:6)
  4 fungi
  A plant (Lair:6)
57 creatures vanquished.

Vanquished Creatures (others)
  A shambling mangrove (Swamp:4)
  2 hornets (Swamp:4)
  4 fungi
7 creatures vanquished.

Grand Total: 485 creatures vanquished

Notes
Turn   | Place    | Note
-------+----------+-------------------------------------------
     0 | D:1      | M4edhros the Octopode Necromancer began the quest for the Orb.
     0 | D:1      | Reached XP level 1. HP: 11/11 MP: 3/3
    16 | D:2      | lol, nice, 6prot ring 15 auts
    25 | D:2      | Learned a level 1 spell: Animate Skeleton
    46 | D:2      | Reached skill level 1 in Unarmed Combat
    58 | D:2      | Found a bloodstained altar of Trog.
    84 | D:2      | Reached XP level 2. HP: 17/17 MP: 5/5
   230 | D:4      | Found a sand-covered staircase.
   392 | Ossuary  | Entered an ossuary
   443 | Ossuary  | Reached XP level 3. HP: 18/21 MP: 6/6
   448 | Ossuary  | Learned a level 3 spell: Regeneration
   497 | Ossuary  | HP: 1/21 [arrow trap (9)]
   517 | Ossuary  | Reached XP level 4. HP: 25/27 MP: 3/7
   746 | Ossuary  | Reached skill level 1 in Fighting
   746 | Ossuary  | Reached XP level 5. HP: 18/33 MP: 1/8
   874 | Ossuary  | im miscasting 75% of regeneration...
  1059 | D:4      | lol this is some joke....
  1059 | D:4      | 5th regen in a row miscast.
  1110 | D:4      | Reached XP level 6. HP: 18/39 MP: 1/9
  1259 | D:5      | Entered Level 5 of the Dungeon
  1275 | D:5      | Identified a scroll of acquirement
  1276 | D:5      | Got a warped buckler
  1282 | D:5      | Identified the +0 buckler of the Moon Troll {SInv} (You acquired it on level 5 of the Dungeon)
  1345 | D:5      | Reached XP level 7. HP: 24/45 MP: 6/10
  1347 | D:5      | Found a radiant altar of Vehumet.
  1370 | D:6      | Reached skill level 1 in Shields
  1370 | D:6      | Reached skill level 5 in Unarmed Combat
  1381 | D:6      | Found a staircase to the Ecumenical Temple.
  1382 | D:6      | Found Siseih's Antique Weapon Emporium.
  1434 | Temple   | Entered the Ecumenical Temple
  1475 | Temple   | Became a worshipper of Cheibriados the Contemplative
  1626 | D:3      | Noticed Ijyb
  1629 | D:3      | Killed Ijyb
  1861 | D:3      | Learned a level 2 spell: Repel Missiles
  1865 | D:3      | Learned a level 3 spell: Mephitic Cloud
  1978 | D:1      | Reached * piety under Cheibriados
  2161 | D:1      | Reached ** piety under Cheibriados
  2254 | D:2      | Found a faded altar of an unknown god.
  2628 | D:5      | Found Ryosior's General Store.
  2632 | D:5      | Bought a scroll of fog for 26 gold pieces
  2632 | D:5      | Bought a scroll of fear for 45 gold pieces
  2632 | D:5      | Bought a scroll of amnesia for 45 gold pieces
  2665 | D:5      | Reached skill level 1 in Air Magic
  2665 | D:5      | Reached skill level 1 in Poison Magic
  2665 | D:5      | Reached XP level 8. HP: 54/54 MP: 11/11
  2722 | D:5      | Noticed Eustachio
  2736 | D:5      | Killed Eustachio
  2783 | D:5      | Found a runed door.
  2787 | D:5      | Noticed Crazy Yiuf
  2791 | D:5      | Killed Crazy Yiuf
  2885 | D:6      | Found a radiant altar of Vehumet.
  2893 | D:6      | Found a shattered altar of Ashenzari.
  2897 | D:6      | Found a basalt altar of Yredelemnul.
  3008 | D:6      | Found an iron altar of Okawaru.
  3010 | D:6      | Got a blackened dagger
  3011 | D:6      | Identified the +11 dagger of Contention {venom, +Inv rPois MR+} (You found it on level 6 of the Dungeon)
  3012 | D:6      | wtf... dagger +11 venom inv rpois mr
  3070 | D:6      | Noticed Menkaure
  3076 | D:6      | Reached *** piety under Cheibriados
  3079 | D:6      | Killed Menkaure
  3079 | D:6      | Reached skill level 3 in Stealth
  3079 | D:6      | Reached skill level 1 in Evocations
  3105 | D:6      | Noticed Dowan
  3106 | D:6      | Noticed Duvessa
  3113 | D:6      | Killed Duvessa
  3113 | D:6      | Reached skill level 5 in Dodging
  3117 | D:6      | Killed Dowan
  3153 | D:6      | Reached skill level 4 in Stealth
  3169 | D:6      | Reached XP level 9. HP: 46/58 MP: 12/12
  3263 | D:6      | Reached **** piety under Cheibriados
  3346 | D:6      | Reached skill level 5 in Stealth
  3485 | D:7      | Reached skill level 1 in Invocations
  3489 | D:7      | this game wants me to win i think
  3489 | D:7      | i need statue form some time
  3535 | D:7      | Reached ***** piety under Cheibriados
  3700 | D:8      | Noticed a two-headed ogre
  3704 | D:8      | Gained mutation: You can translocate small distances at will. [potion of beneficial mutation]
  3715 | D:8      | Killed a two-headed ogre
  3715 | D:8      | Reached skill level 6 in Stealth
  3772 | D:8      | Noticed a two-headed ogre
  3777 | D:8      | Killed a two-headed ogre
  3824 | D:8      | Found a staircase to the Lair.
  3834 | D:8      | Reached XP level 10. HP: 54/65 MP: 13/13
  3846 | Lair:1   | Entered Level 1 of the Lair of Beasts
  3879 | Lair:1   | Reached skill level 5 in Fighting
  3879 | Lair:1   | Reached skill level 7 in Stealth
  3899 | Lair:1   | Noticed a spiny frog
  3909 | Lair:1   | HP: 1/66 [spiny frog (22)]
  3911 | Lair:1   | Killed a spiny frog
  3915 | Lair:1   | 1 hp lol...
  3959 | Lair:1   | Learned a level 3 spell: Conjure Flame
  4017 | Lair:1   | Noticed a black mamba
  4025 | Lair:1   | Killed a black mamba
  4025 | Lair:1   | Reached skill level 5 in Evocations
  4046 | Lair:1   | 8 int from rings, 37 atm
  4063 | Lair:1   | Noticed a spiny frog
  4069 | Lair:1   | Killed a spiny frog
  4069 | Lair:1   | Reached skill level 8 in Stealth
  4091 | Lair:1   | Noticed a spiny frog
  4096 | Lair:1   | Killed a spiny frog
  4096 | Lair:1   | Reached skill level 5 in Invocations
  4244 | Lair:1   | Reached skill level 9 in Stealth
  4271 | Lair:2   | Noticed a spiny frog
  4285 | Lair:2   | Killed a spiny frog
  4285 | Lair:2   | Reached XP level 11. HP: 25/72 MP: 12/15
  4400 | Lair:2   | Found a hole to the Spider Nest.
  4536 | Lair:3   | Reached skill level 10 in Stealth
  4548 | Lair:3   | Reached skill level 1 in Short Blades
  4617 | Lair:3   | Learned a level 1 spell: Apportation
  4635 | Lair:3   | Reached ****** piety under Cheibriados
  4640 | Lair:3   | Noticed a necromancer
  4645 | Lair:3   | Killed a necromancer
  4708 | Lair:3   | Reached skill level 1 in Translocations
  5112 | Lair:5   | Reached skill level 11 in Stealth
  5214 | Lair:5   | Found a labyrinth entrance.
  5224 | Lab      | Entered a labyrinth
  5334 | Lab      | Noticed a minotaur
  5342 | Lab      | Killed a minotaur
  5342 | Lab      | Reached XP level 12. HP: 73/80 MP: 17/17
  5404 | Lair:5   | very nice labyrinth, not much items in it thoug
  5411 | Lair:5   | Learned a level 5 spell: Lee's Rapid Deconstruction
  5412 | Lair:5   | Found a staircase to the Slime Pits.
  5414 | Lair:5   | Found a viscous altar of Jiyva.
  5475 | Lair:6   | Entered Level 6 of the Lair of Beasts
  5482 | Lair:6   | Reached skill level 1 in Earth Magic
  5560 | Lair:6   | Noticed a dire elephant
  5593 | Lair:6   | Killed a dire elephant
  5626 | Lair:6   | Reached skill level 5 in Spellcasting
  5637 | Lair:6   | Noticed a seven-headed hydra
  5649 | Lair:6   | Killed a seven-headed hydra
  5649 | Lair:6   | Reached skill level 12 in Stealth
  5697 | Lair:6   | Noticed a six-headed hydra
  5702 | Lair:6   | Killed a six-headed hydra
  5776 | Lair:6   | Found a burning altar of Makhleb.
  5798 | Lair:6   | Noticed a hell beast
  5809 | Lair:6   | Found a gateway to Hell.
  5823 | Lair:6   | Killed a hell beast
  5823 | Lair:6   | Reached XP level 13. HP: 69/86 MP: 21/21
  5835 | Lair:6   | Got a heavily runed glass ring
  5837 | Lair:6   | Identified the ring "Xuulu Kuph" {rF+ MR++ Stlth+} (You found it on level 6 of the Lair of Beasts)
  5838 | Lair:6   | NICE ring rf mr++ stlth :))))
  6127 | Lair:6   | Got a crystal dagger
  6128 | Lair:6   | Identified the +8 dagger of the Magic Mushroom {speed, -Tele rElec rC+ Str+9} (You found it on level 6 of the Lair of Beasts)
  6446 | Lair:3   | Reached skill level 5 in Earth Magic
  6646 | Lair:2   | Found a staircase to the Swamp.
  6656 | Swamp:1  | Entered Level 1 of the Swamp
  6691 | Swamp:1  | Reached skill level 13 in Stealth
  6829 | Swamp:1  | Noticed Josephine
  6839 | Swamp:1  | Killed Josephine
  6877 | Swamp:1  | Reached skill level 5 in Shields
  7044 | Swamp:2  | Reached skill level 5 in Short Blades
  7069 | Swamp:2  | Learned a level 4 spell: Animate Dead
  7130 | Swamp:2  | Gained mutation: Your magical capacity is low. (-10% MP) [mutagenic meat]
  7134 | Swamp:2  | Gained mutation: Your mind is acute. (Int +2) [mutagenic meat]
  7135 | Swamp:2  | Gained mutation: Your muscles are strong. (Str +2) [mutagenic meat]
  7136 | Swamp:2  | Gained mutation: One of your tentacles bears a spike. [mutagenic meat]
  7204 | Swamp:2  | Reached XP level 14. HP: 94/94 MP: 22/22
  7304 | Swamp:2  | Reached skill level 14 in Stealth
  7332 | Swamp:2  | Noticed a thorn hunter
  7349 | Swamp:2  | Killed a thorn hunter
  7359 | Swamp:2  | thorn hunter can kill in 2 turns, damn it.
  7564 | Swamp:3  | Gained mutation: One of your tentacles bears a nasty spike. [mutagenic meat]
  7565 | Swamp:3  | Lost mutation: Your mind is acute. (Int +2) [mutagenic meat]
  7566 | Swamp:3  | Gained mutation: Your mind is acute. (Int +2) [mutagenic meat]
  7568 | Swamp:3  | Gained mutation: You are partially covered in thin metallic scales. (AC +2) [mutagenic meat]
  7569 | Swamp:3  | Lost mutation: Your muscles are strong. (Str +2) [mutagenic meat]
  7570 | Swamp:3  | Gained mutation: You are partially covered in large bone plates. (SH +4) [mutagenic meat]
  7571 | Swamp:3  | nice! large bone plates!
  7582 | Swamp:3  | Gained mutation: You occasionally shout uncontrollably at your foes. [potion of mutation]
  7582 | Swamp:3  | Gained mutation: You are partially covered in slimy green scales. (AC +2) [potion of mutation]
  7582 | Swamp:3  | Lost mutation: Your mind is acute. (Int +2) [potion of mutation]
  7817 | Swamp:4  | Entered Level 4 of the Swamp
  7946 | Swamp:4  | risky play..
  7946 | Swamp:4  | but i think its gonna be worth it.
  7949 | Swamp:4  | Slain by a six-headed hydra simulacrum

Vault maps used:
D:1:      doesnt_arrival_goblin_jail, serial_bayou_pond_d
D:2:      chequers_ecumenical_altar_simple, bloody_trog
D:3:      first_bread, grunt_ministairs_4, uniq_iyjb
D:4:      enter_ossuary_3, grunt_ministairs_2
D:5:      serial_shops, shop_statue, serial_curves, eino_curves_01,
          eino_curves_04, basic_altar, uniq_crazy_yiuf_cottage, uniq_pikel,
          uniq_eustachio
D:6:      minmay_goblin_kobold_castle, kennysheep_mini,
          nicolae_overflow_crystal_walls, nicolae_overflow_hidden_temple,
          serial_shops, nicolae_shop_behind_doors, ashenzari_altar_1,
          uniq_menkaure, uniq_duvessa
D:7:      grunt_livestock
D:8:      lair_entry_dummy
Temple:   regret_index_temple_sphere_string
Lair:2:   swamp_mist_pool, spider_nest_entry_webs, cheibrodos_lair_lostbears
Lair:3:   pond_and_an_island_with_a_cottage, grunt_megastairs_3
Lair:4:   grunt_megastairs_1
Lair:5:   slime_altar_1, lab_entry_generic
Lair:6:   evil_forest, minivault_11, lemuel_fruit_fields
Swamp:1:  hangedman_swamp_ruin_hall, uniq_josephine
Swamp:2:  evilmike_swamp_ruin_house_3
Swamp:3:  nicolae_swamp_fairy_circle, swamp_pool5
Swamp:4:  swamp_icy, infiniplex_staircase_pool_2
Lab:      labyrinth_hidden_loot, nicolae_lab_do_over, nicolae_lab_checkerboard,
          lab_fountain
Ossuary:  ossuary_due_small_catacomb

Skill      XL: |  1  2  3  4  5  6  7  8  9 10 11 12 13 14 |
---------------+-------------------------------------------+-----
Unarmed Combat | 1 2 3 4 5 6 |  6.2
Fighting       | 1 2 3 4 5 6 7 8 |  8.7
Dodging        | 3 4 5 6 7 8 9 |  9.1
Shields        | 2 3 4 5 7 |  7.0
Air Magic      | 1 2 3 |  3.2
Poison Magic   | 1 3 4 |  4.1
Stealth        | 4 6 9 11 12 13 14 | 14.6
Evocations     | 2 3 6 7 8 9 |  9.2
Invocations    | 3 6 |  6.8
Short Blades   | 2 4 5 6 |  6.1
Translocations | 3 |  3.2
Spellcasting   | 3 5 7 |  7.6
Earth Magic    | 4 6 7 |  7.6
Necromancy     | |  4.0

Action                   |  1- 3 |  4- 6 |  7- 9 | 10-12 | 13-15 || total
-------------------------+-------+-------+-------+-------+-------++-------
Melee: Unarmed           |    58 |   100 |       |       |       ||   158
       Tentacles         |    13 |    32 |    71 |   130 |   176 ||   422
       Constrict         |    15 |    37 |    81 |    38 |    50 ||   221
       Punch             |       |     1 |    18 |    33 |    48 ||   100
       Dagger            |       |    52 |   275 |   254 |   397 ||   978
       Kick              |       |       |       |       |   150 ||   150
 Cast: Animate Skeleton  |     8 |     7 |    15 |    39 |    20 ||    89
       Regeneration      |     3 |    12 |     7 |    20 |    24 ||    66
       Mephitic Cloud    |       |       |     1 |     8 |    12 ||    21
       Repel Missiles    |       |       |       |     1 |     1 ||     2
       Apportation       |       |       |       |     7 |    32 ||    39
       Conjure Flame     |       |       |       |     2 |    21 ||    23
       Animate Dead      |       |       |       |       |     6 ||     6
Invok: Slouch            |       |       |       |     2 |     2 ||     4
 Abil: Blink             |       |       |       |     2 |       ||     2
       Evoke Invisibilit |       |       |       |     2 |     1 ||     3
Evoke: Wand              |       |       |     1 |     7 |    27 ||    35
  Use: Potion            |     3 |     3 |     1 |     5 |     9 ||    21
       Scroll            |       |     9 |     3 |     9 |     5 ||    26
 Stab: Sleeping          |     5 |     3 |    25 |    21 |    15 ||    69
       Distracted        |       |       |     1 |     4 |     2 ||     7
       Invisible         |       |       |       |     5 |     3 ||     8
       Confused          |       |       |       |     4 |     4 ||     8
  Eat: Chunk             |       |     4 |     7 |     7 |    16 ||    34
       Royal jelly       |       |     1 |       |       |       ||     1
       Bread ration      |       |       |       |       |     1 ||     1
Armor: Skin              |    14 |    16 |    63 |    19 |    31 ||   143
Dodge: Dodged            |    25 |    58 |   190 |   185 |   268 ||   726
       Deflected         |       |       |       |     1 |     2 ||     3
Block: Buckler           |       |     1 |    68 |    68 |   142 ||   279
